 Dungeon Crawl Stone Soup version 0.25.1-8-g42b30a86e7 (webtiles) character file.

Game seed: 3385811841509411677

37 Clowwww the Skirmisher (level 3, -5/30 HPs)
             Began as a Demonspawn Abyssal Knight on Dec 13, 2020.
             Was a Follower of Lugonu.
             Slain by a gnoll
             ... wielding a +0 spear
              (7 damage)
             ... on level 2 of the Dungeon.
             The game lasted 00:03:47 (1422 turns).

Clowwww the Skirmisher (Demonspawn Abyssal Knight)  Turns: 1422, Time: 00:03:47

Health: -5/30      AC:  4    Str: 19    XL:     3   Next: 23%
Magic:  5/5        EV: 11    Int: 13    God:    Lugonu [*.....]
Gold:   84         SH:  0    Dex: 12    Spells: 2/2 levels left

rFire    . . .     SeeInvis .   a - +1 hand axe
rCold    . . .     Gourm    .   (no shield)
rNeg     . . .     Faith    .   b - +1 leather armour
rPois    .         Spirit   .   d - +0 helmet
rElec    .         Reflect  .   i - -2 cloak (curse)
rCorr    .         Harm     .   (no gloves)
MR       .....                  (no boots)
Stlth    +.........             (no amulet)
HPRegen  0.10/turn              h - +6 ring of strength
MPRegen  0.09/turn              (no ring)

@: no status effects
A: claws 1
a: Depart the Abyss, Renounce Religion


You were on level 2 of the Dungeon.
You worshipped Lugonu.
Lugonu was aware of your devotion.
You were not hungry.

You visited 1 branch of the dungeon, and saw 2 of its levels.
You visited the Abyss 1 time.

You collected 84 gold pieces.

Inventory:

Hand Weapons
 a - a +1 hand axe (weapon)
Armour
 b - a +1 leather armour (worn)
 d - a +0 helmet (worn)
 i - a cursed -2 cloak (worn)
Jewellery
 h - a +6 ring of strength (left claw)
 j - an uncursed ring of flight {unknown}
Scrolls
 g - a scroll of magic mapping {unknown}
Potions
 e - a potion of magic
Comestibles
 c - 5 rations


   Skills:
 + Level 3.8 Fighting
 + Level 2.0 Axes
 + Level 2.0 Armour
 + Level 1.0 Dodging
 + Level 2.9 Invocations


You had 2 spell levels left.
You didn't know any spells.
Your spell library was empty.

Dungeon Overview and Level Annotations

Branches:
Dungeon (2/15)

Altars:


Innate Abilities, Weirdness & Mutations

You have sharp fingernails.


Message History

Found 16 sling bullets.
You closely miss the gnoll. The gnoll hits you but does no damage.
The gnoll barely misses you.
You hit the gnoll.
The gnoll is heavily wounded.
You barely miss the gnoll.
The gnoll hits you from afar with a +0 spear.
The gnoll hits you but does no damage. The gnoll barely misses you.
You barely miss the gnoll.
The gnoll is heavily wounded.
You closely miss the gnoll.
The gnoll hits you from afar with a +0 spear.
The gnoll barely misses you. The gnoll hits you with a +0 club!
The gnoll hits you from afar with a +0 spear.
* * * LOW HITPOINT WARNING * * *
The gnoll hits you.
* * * LOW HITPOINT WARNING * * *
The gnoll barely misses you. The goblin barely misses you.
The gnoll hits you with a +0 spear!
You die...

#### # ####.. ..
#####....####.#
......##......###
#........@g......
#####..ggg......
###†#.......(.
#...#.........
##.############
#..# ##.##
#####<.#####
#..........#


You could see 3 gnolls and a goblin.

Vanquished Creatures
  An adder (D:2)
  An ooze (D:1)
  A dart slug (D:1)
  6 bats
  A giant cockroach (D:1)
  3 goblins (D:1)
  2 hobgoblins
  A kobold (D:1)
  A ball python (D:1)
  2 frilled lizards (D:1)
  2 rats (D:1)
21 creatures vanquished.

Notes
Turn   | Place    | Note
-------+----------+-------------------------------------------
     0 | Abyss:1  | Clowwww the Demonspawn Abyssal Knight began the quest for
                  | the Orb.
     0 | Abyss:1  | Reached XP level 1. HP: 18/18 MP: 2/2
    33 | Abyss:1  | Noticed a ynoxinul
    38 | D:1      | Escaped the Abyss
   139 | D:1      | Reached * piety under Lugonu
   293 | D:1      | Gained mutation: You have sharp fingernails. [demonic
                  | ancestry]
   293 | D:1      | Reached XP level 2. HP: 24/24 MP: 4/4
   802 | D:1      | Reached skill level 1 in Dodging
  1200 | D:2      | Reached XP level 3. HP: 19/30 MP: 5/5
  1422 | D:2      | Slain by a gnoll

Illustrated notes

Levels and vault maps discovered:
D:1:      dpeg_arrival_rooms_c, layout_basic, roderic_lattice_a
D:2:      layout_rooms, lemuel_crystal_altar

Skill      XL: |  1  2  3 |
---------------+----------+-----
Axes           | 2 |  2.0
Dodging        | 1 |  1.0
Armour         | 2 |  2.0
Fighting       | |  3.8
Invocations    | |  2.9

Action                   || total
-------------------------++-------
Melee: Hand axe          ||    68
Invok: Depart the Abyss  ||     1
  Use: Scroll            ||     5
 Stab: Sleeping          ||     1
  Eat: Chunk             ||     2
Armor: Leather armour    ||    22
Dodge: Dodged            ||    46
